 Dungeon Crawl Stone Soup version 0.27-a0-607-g1ad3dbde53 (webtiles) character file.

Game seed: 9303983556627744356

49 Nixze the Skirmisher (level 3, 0/20 HPs)
             Began as a Vine Stalker Fighter on Mar 13, 2021.
             Slain by a gnoll
             ... wielding a +0 halberd
              (7 damage)
             ... on level 2 of the Dungeon.
             The game lasted 00:02:04 (1961 turns).

Nixze the Skirmisher (Vine Stalker Fighter)         Turns: 1961, Time: 00:02:05

Health: 0/20       AC:  6    Str: 19    XL:     3   Next: 77%
Magic:  0/13       EV:  7    Int:  8    God:
Gold:   36         SH:  9    Dex: 13    Spells: 2/2 levels left

rFire    . . .     SeeInvis .     - Unarmed
rCold    . . .     Faith    .   b - +0 kite shield
rNeg     . . .     Spirit   +   a - +0 scale mail
rPois    .         Reflect  .   (no helmet)
rElec    .         Harm     .   (no cloak)
rCorr    .         Rampage  .   (no gloves)
Will     .....                  (no boots)
Stlth    ..........             (no amulet)
HPRegen  0.06/turn              j - ring of magical power
MPRegen  0.13/turn              (no ring)

@: no status effects
A: fangs 2, magic shield, antimagic bite, no potion heal 3
a: no special abilities


You were on level 2 of the Dungeon.
You visited 1 branch of the dungeon, and saw 2 of its levels.

You collected 36 gold pieces.

Inventory:

Armour
 a - a +0 scale mail (worn)
 b - a +0 kite shield (worn)
Jewellery
 j - a ring of magical power (right hand)
Scrolls
 e - a scroll of teleportation {unknown}
 g - a scroll of fear {unknown}
 i - 2 scrolls of fog {unknown}
Potions
 c - a potion of might
 d - 2 potions of cancellation {unknown}
 f - a potion of haste {unknown}
 h - a potion of berserk rage {unknown}
 k - a potion of lignification {unknown}


   Skills:
 + Level 3.1 Fighting
 + Level 2.8 Armour
 + Level 3.1 Shields
 + Level 2.6 Unarmed Combat


You had 2 spell levels left.
You didn't know any spells.
Your spell library was empty.

Dungeon Overview and Level Annotations

Branches:
Dungeon (2/15)

Altars:


Innate Abilities, Weirdness & Mutations

You have extremely sharp teeth.
When hurt, damage is shared between your health and your magic reserves.
Your bite disrupts and absorbs the magic of your enemies.
Potions cannot restore your health.


Message History

You miss the quokka.
The quokka is almost dead.
You block the quokka's attack.
You hit the quokka but do no damage.
The quokka is almost dead.
The quokka bites you. You block the quokka's attack.
You hit the quokka.
You kill the quokka!
You hit the gnoll. Your bite misses the gnoll.
The gnoll is lightly wounded.
The gnoll barely misses you. You block the gnoll's attack.
The gnoll barely misses you.
You hit the gnoll.
The gnoll is heavily wounded.
You block the gnoll's attack. The gnoll barely misses you.
You hit the gnoll but do no damage. You bite the gnoll. You drain its power.
You feel invigorated.
The gnoll is severely wounded.
You block the gnoll's attack. The gnoll closely misses you.
You hit the gnoll but do no damage. Your bite misses the gnoll.
The gnoll is severely wounded.
You block the gnoll's attack. x2
You closely miss the gnoll. Your bite misses the gnoll.
The gnoll is severely wounded.
The gnoll hits you but does no damage.
The gnoll hits you from afar with a +0 halberd!
You hit the gnoll but do no damage.
The gnoll is severely wounded.
The gnoll hits you but does no damage. You block the gnoll's attack.
You hit the gnoll.
You kill the gnoll!
The gnoll barely misses you. The gnoll hits you with a +0 halberd!
You hit the gnoll but do no damage. The gnoll barely misses you.
You hit the gnoll but do no damage. Your bite misses the gnoll.
The gnoll closely misses you.
You closely miss the gnoll. Your bite misses the gnoll.
The rat twitches its whiskers.
The gnoll hits you with a +0 halberd!
You die...

#.##.........#.#.#..
#.#####.#........#.#
#######.#####.#.##.#...#.#
.............g......>..#.#
#########.#####g####.#...#.#
#.......#..# #g# #...#.#.##
##.#.##.##.## #r######.#....#
##.#.##.##..# #g##.....#.#.##
#.....#.###.###@##.#####.#.#
##.#..#.# #..##.##.# #.#.#
#.....#.####.##.##.# #.#.#
###..#.............#####.#.#
##........................#.#
#....#########.#.########.#.#
#.########<#......#######.#.###
#...††..##'#.#............#...#
#######...........###########.#


You could see 3 gnolls, a hobgoblin and a rat.

Vanquished Creatures
  A gnoll (D:2)
  An ooze (D:2)
  A worm (D:2)
  3 leopard geckos (D:1)
  6 bats
  A giant cockroach (D:1)
  2 goblins (D:1)
  3 jackals (D:1)
  4 kobolds (D:1)
  A quokka (D:2)
  A frilled lizard (D:2)
  3 rats
27 creatures vanquished.

Notes
Turn   | Place    | Note
-------+----------+-------------------------------------------
     0 | D:1      | Nixze the Vine Stalker Fighter began the quest for the Orb.
     0 | D:1      | Reached XP level 1. HP: 11/11 MP: 2/2
   141 | D:1      | Reached XP level 2. HP: 10/16 MP: 1/3
   880 | D:1      | Reached XP level 3. HP: 17/20 MP: 2/4
  1961 | D:2      | Slain by a gnoll

Illustrated notes

Levels and vault maps discovered:
D:1:      onia_arrival_pyramid, layout_basic, minivault_23, nrook_mini_backslash
D:2:      layout_basic, elyvilon_altar_3

Skill      XL: |  1  2  3 |
---------------+----------+-----
Fighting       | 3 |  3.1
Shields        | 3 |  3.1
Armour         | |  2.8
Unarmed Combat | |  2.6

Action                   || total
-------------------------++-------
Melee: Unarmed           ||   130
       Bite              ||    31
Armor: Scale mail        ||    68
Dodge: Dodged            ||    47
Block: Kite shield       ||    79

Table legend: (Time is in decaauts)
 A = Elapsed time spent in this place.
 B = Non-inter-level travel time spent in this place.
 C = Inter-level travel time spent in this place.
 D = Time resting spent in this place.
 E = Time spent auto-exploring this place.
 F = Levels seen in this place.
 G = Mean time per level.
                   A        B        C        D        E       F      G
               +--------+--------+--------+--------+--------+-----+--------+
         Total |   1986 |   1947 |     39 |    780 |    919 |   2 |  993.0 |
       Dungeon |   1986 |   1947 |     39 |    780 |    919 |   2 |  993.0 |
               +--------+--------+--------+--------+--------+-----+--------+

Top non-repeatable levels by time:
     D:1: 1373 daAuts
     D:2: 612 daAuts
